Map: Ephemeron LE

Players

Mez

  • Race: Terran Terran
  • League: Master
  • Spawn Location: 11:00

LuNe - Winner!

  • Race: Terran Terran
  • League: Master
  • Spawn Location: 5:00

VOD

Have the link to the VOD?

Description

Time

  • Played on: Aug. 21, 2019, 5:35 p.m.
  • Length: 4:40
Show
View Real Time Build Order
Export as new Build Order

Mez Terran 

Build Orders: Gas First Reaper Expand 

Get SALT Encoding   

  12  0:00  SCV  
  13  0:12  SCV  
  14  0:17  Supply Depot  
  14  0:24  SCV  
  15  0:29  Refinery  
  15  0:39  SCV  
  16  0:46  Barracks  
  16  0:51  SCV  
  17  1:03  SCV  
  18  1:17  SCV  
  19  1:33  Orbital Command, Reaper  
  20  1:44  Command Center  
  20  1:56  Factory  
  20  2:00  SCV  
  21  2:08  Supply Depot  
  21  2:09  Barracks Reactor  
  21  2:12  SCV  
  22  2:17  Refinery  
  22  2:24  SCV  
  23  2:41  SCV  
  23  2:42  Hellion  
  25  2:49  Marine x2  
  26  2:52  Starport  
  25  3:05  Factory Tech Lab  
  24  3:09  Marine x2, SCV  
  27  3:21  SCV  
  28  3:29  Marine x2  
  28  3:33  SCV  
  31  3:41  Siege Tank  
  31  3:42  Orbital Command  
  31  3:45  SCV  
  35  3:49  Starport Tech Lab  
  35  3:57  Refinery  
  35  3:59  SCV  
  35  4:00  Marine  
  35  4:01  Marine  
  40  4:12  SCV x2  
  42  4:21  Marine x2  
  44  4:24  SCV x2  
  46  4:35  Supply Depot  
Show
View Real Time Build Order
Export as new Build Order

LuNe Terran - Winner!

Build Orders:  

Get SALT Encoding   

  12  0:00  SCV  
  13  0:13  SCV  
  14  0:17  Supply Depot  
  14  0:25  SCV  
  15  0:33  Refinery  
  15  0:39  SCV  
  16  0:45  Barracks  
  16  0:51  SCV  
  17  0:57  Refinery  
  17  1:04  SCV  
  18  1:16  SCV  
  19  1:32  Factory  
  19  1:33  Orbital Command  
  19  1:37  Reaper  
  20  1:44  Supply Depot  
  20  1:59  SCV  
  21  2:09  Reaper  
  21  2:12  SCV  
  23  2:16  Hellion  
  25  2:24  SCV  
  26  2:37  SCV  
  26  2:38  Command Center  
  26  2:49  SCV  
  27  2:58  Hellion, Reaper  
  30  3:01  SCV  
  30  3:05  Supply Depot  
  31  3:07  Starport  
  30  3:13  SCV  
  31  3:26  SCV  
  32  3:28  Factory Tech Lab  
  32  3:35  Barracks Tech Lab  
  32  3:38  SCV  
  33  3:49  Cyclone  
  33  3:50  SCV  
  33  3:51  Orbital Command  
  37  4:01  Barracks Reactor  
  40  4:02  SCV  
  40  4:10  Refinery  
  40  4:14  SCV  
  41  4:21  Command Center  
  41  4:27  SCV  
  45  4:38  Supply Depot  
Tags
 
Add a new tag
Caveats
  • Supply blocks, unpowered buildings, or Contaminate may cause inaccurate times.
  • Supply counts are checked every 10 seconds.